 Dungeon Crawl Stone Soup version 0.31.0-12-g77e489cdc1 (webtiles) character file.

Game seed: 5981678617410750394

203 sking99 the Chopper (level 5, 0/48 HPs)
             Began as a Hill Orc Cinder Acolyte on Feb 20, 2024.
             Was a High Priest of Ignis.
             Slain by Ijyb
             ... wielding a +0 dagger
              (2 damage)
             ... on level 3 of the Dungeon.
             The game lasted 00:05:09 (2889 turns).

sking99 the Chopper (Hill Orc Cinder Acolyte)       Turns: 2889, Time: 00:05:09

Health: 0/48       AC:  4    Str: 19    XL:     5   Next: 81%
Magic:  6/6        EV:  8    Int: 14    God:    Ignis [*****.]
Gold:   162        SH:  0    Dex:  6    Spells: 6/6 levels left

rFire   + . .        a - -1 hand axe (flame)
rCold   . . .        (no shield)
rNeg    . . .        e - +0 leather armour
rPois   .            d - +0 helmet
rElec   .            (no cloak)
rCorr   .            (no gloves)
SInv    .            (no boots)
Will    .....        (no amulet)
Stlth   +            (no ring)
HPRegen 0.28/turn    (no ring)
MPRegen 0.10/turn

%: no passive effects
@: grasped by roots, constricted
A: no striking features
a: Renounce Religion, Fiery Armour, Foxfire Swarm


You were on level 3 of the Dungeon.
You worshipped Ignis.
Ignis was extremely pleased with you.
You visited 1 branch of the dungeon, and saw 3 of its levels.

You collected 162 gold pieces.

Inventory:

Hand Weapons
 a - a -1 hand axe of flaming (weapon)
Armour
 d - a +0 helmet (worn)
 e - a +0 leather armour (worn)
Jewellery
 j - an amulet of regeneration
Wands
 g - a wand of flame (16)
Scrolls
 b - a scroll of enchant armour {unknown}
 c - 2 scrolls of teleportation {unknown}
 f - a scroll of blinking {unknown}
 h - 2 scrolls of identify {unknown}
 i - a scroll of amnesia {unknown}
Potions
 k - a potion of curing {unknown}
 l - a potion of brilliance {unknown}
 m - a potion of enlightenment {unknown}


   Skills:
 + Level 5.2 Fighting
 * Level 7.1 Axes
 - Level 1.0 Spellcasting
 - Level 3.2 Fire Magic


You had 6 spell levels left.
You didn't know any spells.
Your spell library contained the following spells:

 Spells                   Type           Power      Damage    Failure   Level
 Scorch                   Fire           18%        2d5       12%         2


Dungeon Overview and Level Annotations

Branches:
Dungeon (3/15)

Altars:
Yredelemnul

Annotations:
D:3 Ijyb


Message History

Ijyb closely misses you.
You hit Ijyb. You burn Ijyb.
Ijyb is moderately wounded.
Ijyb barely misses you.
You barely miss Ijyb.
Ijyb is moderately wounded.
You hit Ijyb but do no damage.
Ijyb is moderately wounded.
Ijyb closely misses you.
You closely miss Ijyb.
Ijyb is moderately wounded.
Ijyb zaps a wand.
The roots erupt in riotous growth!
The grasping roots grab you!
Ijyb is unaffected.
The grasping roots constrict you.
You hit Ijyb. You burn Ijyb.
Ijyb is heavily wounded.
Ijyb hits you with a +0 dagger. The grasping roots constrict you.
You hit Ijyb but do no damage.
Ijyb is heavily wounded.
Ijyb hits you with a +0 dagger. The grasping roots constrict you.
* * * LOW HITPOINT WARNING * * *
You hit Ijyb but do no damage.
Ijyb is heavily wounded.
Ijyb hits you but does no damage. The grasping roots constrict you.
* * * LOW HITPOINT WARNING * * *
The grasping roots release their grip on you.
You hit Ijyb but do no damage.
Ijyb is heavily wounded.
Ijyb zaps a wand.
The roots erupt in riotous growth!
The grasping roots grab you!
Ijyb is unaffected.
The grasping roots constrict you.
* * * LOW HITPOINT WARNING * * *
You hit Ijyb but do no damage.
Ijyb is heavily wounded.
Ijyb completely misses you. The grasping roots constrict you.
* * * LOW HITPOINT WARNING * * *
You hit Ijyb. You burn Ijyb.
Ijyb is heavily wounded.
Ijyb hits you with a +0 dagger.
You die...

##.#)#####.#.....#..#######...#.#
##.#.......#........# #####.#
##.#.#...#.#.......## #####.#
...#.#._.#.#.###.#<# #......
#..#.#...#.#.##....# #...#####
##.#.......#.##....# #.
#.#.#####.#..#...##
#............##.##
###########..##@######
#.###g##...####..#
#................#####
#####......#####.....g
#.........########
#.................
#.........######## ####...####
#...#


You could see Ijyb.

Vanquished Creatures
  A phantom (D:3)
  A bombardier beetle (D:3)
  An orc wizard (D:3)
  3 dart slugs
  4 orcs (D:3)
  8 bats
  5 endoplasms
  4 giant cockroaches
  7 goblins
  6 hobgoblins
  7 kobolds
  2 quokkas
  8 ball pythons
  3 frilled lizards
  5 rats
65 creatures vanquished.

Notes
Turn   | Place    | Note
-------+----------+-------------------------------------------
     0 | D:1      | sking99 the Hill Orc Cinder Acolyte began the quest for the
                  | Orb.
     0 | D:1      | Reached XP level 1. HP: 19/19 MP: 2/2
    61 | D:1      | Reached XP level 2. HP: 27/27 MP: 3/3
   363 | D:1      | Reached skill level 5 in Axes
   532 | D:1      | Reached XP level 3. HP: 30/33 MP: 4/4
   986 | D:2      | Found a faded altar of an unknown god.
  1917 | D:3      | Noticed a phantom
  2022 | D:3      | Reached XP level 4. HP: 41/41 MP: 5/5
  2092 | D:3      | Reached skill level 6 in Axes
  2132 | D:3      | Found a basalt altar of Yredelemnul.
  2146 | D:3      | Killed a phantom
  2147 | D:3      | Reached skill level 5 in Fighting
  2147 | D:3      | Reached XP level 5. HP: 35/48 MP: 6/6
  2188 | D:3      | Identified the +0 robe of Mezcal {Rampage Dex+3}
  2197 | D:3      | Reached skill level 7 in Axes
  2272 | D:3      | Noticed Ijyb
  2888 | D:3      | HP: 2/48 [constriction (4)]
  2889 | D:3      | Slain by Ijyb

Illustrated notes

Levels and vault maps discovered:
D:1:      giann_bridges, layout_basic
D:2:      cheibrodos_old_hovel, layout_loops_corners,
          nicolae_ecumenical_pavilion
D:3:      layout_loops_ring, mainiacjoe_overflow_cross_hatched, uniq_ijyb

Skill      XL: |  1  2  3  4  5 |
---------------+----------------+-----
Fighting       | 4 5 |  5.2
Axes           | 5 6 7 |  7.1
Spellcasting   | |  1.0
Fire Magic     | |  3.2

Action                     |  1- 3 |  4- 6 || total
---------------------------+-------+-------++-------
  Melee: Hand axe          |   126 |    79 ||   205
         Punch             |       |     1 ||     1
 Invoke: Fiery Armour      |       |     2 ||     2
         Rising Flame      |       |     1 ||     1
 Armour: Robe              |    28 |       ||    28
         Leather armour    |    54 |    42 ||    96
  Dodge: Dodged            |    85 |    33 ||   118
